 Dungeon Crawl Stone Soup version 0.31-a0-986-g5e6e4ef867 (webtiles) character file.

Game seed: 14458651427759550858

36184 grandjackal the Blocker (level 14, -7/107 HPs)
             Began as a Djinni Gladiator on Nov 17, 2023.
             Was an Initiate of Gozag.
             Shot with an arrow by a centaur warrior (14 damage)
             ... on level 14 of the Dungeon.
             The game lasted 00:36:12 (18185 turns).

grandjackal the Blocker (Djinni Gladiator)         Turns: 18185, Time: 00:36:13

Health: -7/107     AC: 14    Str: 14    XL:     14   Next: 22%
Gold:   2416       EV: 19    Int: 14    God:    Gozag SH: 10 Dex: 27

rFire   + + +        v - +7 rapier "Falo" {drain, Will+ Str+3 Stlth-}
rCold   + + .        H - +1 buckler of Limited Liability {+Inv Dex+2}
rNeg    . . .        E - +2 leather armour "Nurinid" {rPois rF++ rC+++ Str-2}
rPois   ∞            n - +2 helmet
rElec   .            Q - +0 cloak
rCorr   .            o - +0 pair of gloves
SInv    .            (boots unavailable)
Will    ++...        (no amulet)
Stlth   ++           P - +6 ring of dexterity
HPRegen 0.37/turn    U - ring "Jokkukh" {AC+4 Dex+3 Stlth+}
MPRegen 0.00/turn

%: infuse magic (-8 HP)
@: flying, studying Fire Magic
A: sickness immunity, fire resistance 2, cold vulnerability 1, float, innate
caster, HP casting, extra vitality 1
a: Renounce Religion, Evoke Invisibility, Potion Petition, Call Merchant, Bribe
Branch


You were on level 14 of the Dungeon.
You worshipped Gozag.
Gozag was most pleased with you.
You visited 2 branches of the dungeon, and saw 16 of its levels.
You also visited: Sewer.

You collected 3296 gold pieces.
You spent 261 gold pieces at shops.
You paid 619 gold pieces to Gozag.

Inventory:

Hand Weapons
 a - a +2 scimitar of holy wrath
 s - a +0 scimitar of flaming
 v - the +7 rapier "Falo" (weapon) {drain, Will+ Str+3 Stlth-}
   (You found it on level 3 of the Dungeon)

   Str+3:     It affects your strength (+3).
   Will+:     It increases your willpower.
   Stlth-:    It makes you less stealthy.
 C - the +0 dagger "Zixosy" {freeze, rElec Str+4 Dex-3 SInv}
   (You found it on level 4 of the Dungeon)

   Str+4:     It affects your strength (+4).
   Dex-3:     It affects your dexterity (-3).
   rElec:     It insulates you from electricity.
   SInv:      It lets you see invisible.
 S - a +2 long sword of venom
Missiles
 d - 4 throwing nets
 e - a javelin
 f - 40 poisoned darts
 B - a curare-tipped dart (quivered)
Armour
 n - a +2 helmet (worn)
 o - a +0 pair of gloves (worn)
 E - the +2 leather armour "Nurinid" (worn) {rPois rF++ rC+++ Str-2}
   (You found it on level 5 of the Dungeon)

   Str-2:     It affects your strength (-2).
   rF++:      It greatly protects you from fire.
   rC+++:     It renders you almost immune to cold.
   rPois:     It protects you from poison
 F - +0 gold dragon scales
 H - the +1 buckler of Limited Liability (worn) {+Inv Dex+2}
   (You acquired it on level 11 of the Dungeon)

   Dex+2:     It affects your dexterity (+2).
   +Inv:      It lets you turn invisible.
 L - the +5 ring mail of Divine Intervention {Int+3 Dex+4}
   (You bought it in a shop on level 7 of the Dungeon)

   Int+3:     It affects your intelligence (+3).
   Dex+4:     It affects your dexterity (+4).
 Q - a +0 cloak (worn)
Jewellery
 P - a +6 ring of dexterity (left hand)
 U - the ring "Jokkukh" (right hand) {AC+4 Dex+3 Stlth+}
   (You acquired it on level 15 of the Dungeon)

   [ring of protection]

   AC+4:      It affects your AC (+4).
   Dex+3:     It affects your dexterity (+3).
   Stlth+:    It makes you more stealthy.
Wands
 u - a wand of polymorph (3)
 J - a wand of light (12)
 N - a wand of roots (9)
 V - a wand of mindburst (3)
Scrolls
 j - a scroll of teleportation
 k - 3 scrolls of revelation {unknown}
 m - 2 scrolls of poison {unknown}
 q - 3 scrolls of fog {unknown}
 r - 2 scrolls of fear {unknown}
 t - 2 scrolls of amnesia {unknown}
 w - a scroll of butterflies {unknown}
 y - 3 scrolls of torment
 z - a scroll of brand weapon
 A - 2 scrolls of immolation
 D - 3 scrolls of enchant weapon {unknown}
 G - 3 scrolls of blinking
 I - 2 scrolls of enchant armour
 K - 2 scrolls of vulnerability {unknown}
 O - a scroll of identify
 R - a scroll of silence
Potions
 b - 7 potions of enlightenment
 c - 2 potions of haste {unknown}
 g - a potion of heal wounds
 h - 9 potions of curing {unknown}
 i - 2 potions of lignification
 l - 2 potions of resistance
 p - 2 potions of mutation
 x - a potion of brilliance
 M - 3 potions of ambrosia
Miscellaneous
 T - a lightning rod (4/4)


   Skills:
 + Level 12.1 Fighting
 + Level 11.3 Long Blades
 - Level 1.5 Throwing
 - Level 8.5 Dodging
 + Level 12.9 Shields
 + Level 8.9 Spellcasting
 + Level 8.9 Conjurations
 + Level 8.9 Hexes
   Level 0.0 Charms
 + Level 8.9 Summonings
 + Level 8.9 Necromancy
 + Level 8.9 Translocations
 + Level 8.9 Transmutations
 + Level 10.5 Fire Magic
 + Level 8.9 Ice Magic
 + Level 8.9 Air Magic
 + Level 8.9 Earth Magic
 + Level 8.9 Poison Magic


You knew the following spells:

 Your Spells              Type           Power      Damage    Failure   Level
a - Sandblast             Erth           62%        2d14      1%          1
b - Ensorcelled Hibernat  Hex/Ice        62%        N/A       1%          2
c - Summon Guardian Gole  Hex/Summ       31%        N/A       1%          3
d - Hailstorm             Conj/Ice       31%        3d8       1%          3
e - Manifold Assault      Tloc           31%        N/A       4%          4
f - Borgnjor's Vile Clut  Necr/Erth      15%        N/A       12%         5
Your spell library was empty.

Dungeon Overview and Level Annotations

Branches:
Dungeon (15/15)            Temple (1/1) D:7            Lair (0/5) D:8
    Orc (0/2) D:12         Depths (0/4) D:15          Sewer (visited)
 Vaults: D:13-14

Altars:
Ashenzari
Cheibriados
Dithmenos
Elyvilon
Fedhas
Gozag
Hepliaklqana
Makhleb
Nemelex Xobeh
Okawaru
Qazlal
Ru
Trog
Uskayaw
Wu Jian
Xom
Yredelemnul
Zin
The Shining One

Shops:
D:1 *   D:7 [   D:12 (

Annotations:
D:3 1 runed translucent door, Skeral's ghost, amateur FeCK
D:14 3 runed translucent doors, Xesmix's ghost, journeyman FeEn
D:15 Jorgrun


Innate Abilities, Weirdness & Mutations

You are immune to sickness and miasma.
You are immune to poison.
Your flesh is very heat resistant. (rF++)
You are vulnerable to cold. (rC-)
You float through the air rather than walking.
You learn spells naturally, not from books.
Your magical power is your life essence.
You have superior vitality. (+4 MHP)


Message History

The centaur kicks you but does no damage.
The cyan ugly thing basks in the mutagenic energy from its kin and changes!
The centaur shoots an arrow.
The arrow barely misses you.
Unknown command.
Unknown command.
The centaur warrior shoots an arrow.
The arrow hits you!
* * * LOW HITPOINT WARNING * * *
The centaur hits you.
* * * LOW HITPOINT WARNING * * *
You block the centaur's attack. The centaur misses you.
You block the centaur's attack.
The centaur warrior shoots an arrow.
The arrow hits you!
* * * LOW HITPOINT WARNING * * *
You block the centaur's attack. The centaur kicks you.
* * * LOW HITPOINT WARNING * * *
The centaur misses you. The centaur barely misses you.
The centaur shoots an arrow.
The arrow completely misses you.
The centaur shoots an arrow.
The arrow closely misses you.
Unknown command.
Unknown command.
Unknown command.
The centaur attacks as it pursues you!
The centaur hits you but does no damage.
The centaur kicks you but does no damage.
The centaur hits you but does no damage.
The centaur completely misses you. You block the centaur's attack.
The centaur closely misses you.
A cyan ugly thing comes into view.
Unknown command.
Your surroundings suddenly seem different.
A centaur warrior comes into view.
The slime creature quivers.
The centaur warrior shouts!
The centaur warrior wields a +0 orcbow.
The centaur warrior shoots an arrow.
The arrow closely misses you.
Unknown command.
Unknown command.
The centaur warrior shoots an arrow.
The arrow hits you!
You die...
Your body crumbles into a pile of gold.

#........).. ##.......#...#
.............##
....#.........##
....#....#.c...#
#.........#...#####
##.........##..##..#
.##..#.#..###..#...## #.
..##...##..###..@...# #...
..#.....#..........## #....
........#...........##..##
....#....................#
.#.####..............###..<
..### ####+++##......#
....# #G...J##.....##
.......#.......#..[...#
.......#J.....J#....(.#


You could see a slime creature, a glowing orange brain and a centaur warrior.

Vanquished Creatures
  A hydra (D:12)
  An ogre mage (D:12)
  4 centaur warriors
  6 two-headed ogres
  2 boulder beetles
  A deep elf knight (D:12)
  A harpy (shapeshifter) (D:12)
  A harpy (D:10)
  An orc knight (D:15)
  3 ugly things
  4 cyclopes
  4 manticores
  Maurice (D:12)
  4 centaur zombies (D:12)
  A gargoyle (D:13)
  2 unseen horrors
  3 komodo dragons
  2 efreet
  2 kobold demonologists (D:9)
  A tengu conjurer (D:14)
  A redback zombie (D:12)
  A troll (shapeshifter) (D:15)
  3 trolls
  Grinder (D:3)
  A hornet (D:10)
  A polar bear (shapeshifter) (D:10)
  A meliai (D:10)
  3 shadows
  5 vampires
  13 slime creatures
  8 wraiths
  A centaur simulacrum (D:10)
  A wyvern (D:10)
  17 yaks
  A steam dragon (D:7)
  12 vampire mosquitoes
  A two-headed ogre zombie (D:12)
  An acid dragon (D:10)
  Duvessa (D:7)
  8 orc warriors
  2 sky beasts
  2 black bears (D:7)
  4 ogres
  22 centaurs
  5 kobold brigands
  A bullfrog (D:7)
  A gnoll sergeant (D:7)
  2 scorpions
  8 wights
  Dowan (D:7)
  A troll zombie (D:12)
  12 killer bees
  2 howler monkeys
  5 jellies
  8 hounds
  2 gnoll boudas
  6 orc priests
  3 sleepcaps
  A boggart zombie (D:12)
  Terence (D:3)
  4 iguanas
  15 orc wizards
  6 ogre zombies (D:12)
  Robin (D:2)
  13 gnolls
  10 adders
  5 river rats
  A shadow imp (D:7)
  A white imp (D:6)
  A worm (D:5)
  2 dart slugs
  28 orcs
  15 bats
  5 endoplasms
  3 giant cockroaches
  13 goblins
  7 hobgoblins
  3 jackals
  13 kobolds
  6 quokkas
  7 ball pythons
  8 frilled lizards
  8 gnoll skeletons (D:12)
  4 gnoll zombies (D:12)
  4 orc skeletons (D:12)
  9 orc zombies (D:12)
  9 rats
416 creatures vanquished.

Vanquished Creatures (others)
  An orc (D:15)
1 creature vanquished.

Grand Total: 417 creatures vanquished

Notes
Turn   | Place    | Note
-------+----------+-------------------------------------------
     0 | D:1      | grandjackal the Djinni Gladiator began the quest for the
                  | Orb.
     0 | D:1      | Reached XP level 1. HP: 18/18 MP: 0/0
   202 | D:1      | Reached XP level 2. HP: 23/23 MP: 0/0
   309 | D:1      | Found Beg Byt's Assorted Antiques.
   688 | D:1      | Reached XP level 3. HP: 28/28 MP: 0/0
   688 | D:1      | Learned a level 1 spell: Sandblast
  1064 | D:2      | Noticed Robin
  1226 | D:2      | Reached skill level 1 in Spellcasting
  1226 | D:2      | Reached skill level 1 in Conjurations
  1226 | D:2      | Reached skill level 1 in Hexes
  1226 | D:2      | Reached skill level 1 in Summonings
  1226 | D:2      | Reached skill level 1 in Necromancy
  1226 | D:2      | Reached skill level 1 in Translocations
  1226 | D:2      | Reached skill level 1 in Transmutations
  1226 | D:2      | Reached skill level 1 in Fire Magic
  1226 | D:2      | Reached skill level 1 in Ice Magic
  1226 | D:2      | Reached skill level 1 in Air Magic
  1226 | D:2      | Reached skill level 1 in Earth Magic
  1226 | D:2      | Reached skill level 1 in Poison Magic
  1434 | D:2      | Reached XP level 4. HP: 9/34 MP: 0/0
  1606 | D:2      | Killed Robin
  1763 | D:2      | Identified the beast talisman "Cichegg" {*Corrode rPois rN+
                  | Dex+3}
  2225 | D:3      | Reached XP level 5. HP: 24/40 MP: 0/0
  2225 | D:3      | Learned a level 2 spell: Ensorcelled Hibernation
  2435 | D:3      | Noticed Terence
  2443 | D:3      | Killed Terence
  2444 | D:3      | Reached XP level 6. HP: 41/46 MP: 0/0
  2489 | D:3      | Found a faded altar of an unknown god.
  2545 | D:3      | Found a glowing silver altar of Zin.
  2593 | D:3      | Identified the +7 rapier "Falo" {drain, Will+ Str+3 Stlth-}
  2659 | D:3      | Found a runed translucent door.
  2665 | D:3      | Noticed Skeral's ghost (amateur FeCK)
  2695 | D:3      | Noticed Grinder
  2704 | D:3      | Killed Grinder
  2705 | D:3      | Reached skill level 5 in Dodging
  2705 | D:3      | Reached XP level 7. HP: 43/51 MP: 0/0
  2705 | D:3      | Learned a level 3 spell: Summon Guardian Golem
  3360 | D:4      | Identified the +0 dagger "Zixosy" {freeze, rElec Str+4
                  | Dex-3 SInv}
  3766 | D:4      | Found a hazy altar of Hepliaklqana.
  3805 | D:5      | Entered Level 5 of the Dungeon
  3811 | D:5      | Reached XP level 8. HP: 57/58 MP: 0/0
  4090 | D:5      | Found a bloodstained altar of Trog.
  4115 | D:5      | Identified the +2 leather armour "Nurinid" {rPois rF++
                  | rC+++ Str-2}
  4172 | D:5      | Reached skill level 5 in Fighting
  4172 | D:5      | Reached skill level 5 in Long Blades
  4604 | D:6      | Reached XP level 9. HP: 30/65 MP: 0/0
  4604 | D:6      | Learned a level 3 spell: Hailstorm
  4689 | D:6      | Found a glowing drain.
  4701 | Sewer    | Entered a sewer
  6118 | D:7      | Found a staircase to the Ecumenical Temple.
  6244 | Temple   | Found a transporter.
  6244 | Temple   | Found a transporter.
  6244 | Temple   | Found a transporter.
  6244 | Temple   | Found a transporter.
  6244 | Temple   | Entered the Ecumenical Temple
  6292 | Temple   | Became a worshipper of Gozag Ym Sagoz the Greedy
  6355 | D:7      | Reached XP level 10. HP: 73/73 MP: 0/0
  6548 | D:7      | Found a hide-covered altar of Uskayaw.
  6579 | D:7      | Reached skill level 5 in Spellcasting
  6579 | D:7      | Reached skill level 5 in Conjurations
  6579 | D:7      | Reached skill level 5 in Hexes
  6579 | D:7      | Reached skill level 5 in Summonings
  6579 | D:7      | Reached skill level 5 in Necromancy
  6579 | D:7      | Reached skill level 5 in Translocations
  6579 | D:7      | Reached skill level 5 in Transmutations
  6579 | D:7      | Reached skill level 5 in Fire Magic
  6579 | D:7      | Reached skill level 5 in Ice Magic
  6579 | D:7      | Reached skill level 5 in Air Magic
  6579 | D:7      | Reached skill level 5 in Earth Magic
  6579 | D:7      | Reached skill level 5 in Poison Magic
  6644 | D:7      | Identified the amulet of Baecueg {RegenMP Will- Str+6
                  | Int+5}
  6661 | D:7      | Noticed Duvessa
  6663 | D:7      | Noticed Dowan
  6679 | D:7      | Killed Duvessa
  6691 | D:7      | Found Zitimenu's Antique Armour Shop.
  6711 | D:7      | Killed Dowan
  6899 | D:7      | Bought a brightly glowing ring mail for 261 gold pieces
  6899 | D:7      | Identified the +5 ring mail of Divine Intervention {Int+3
                  | Dex+4} (You bought it in a shop on level 7 of the Dungeon)
  7430 | D:8      | Found a staircase to the Lair.
  7451 | D:8      | Found a burning altar of Makhleb.
  7542 | D:8      | Found a transporter.
  7549 | D:8      | Found a transporter.
  7712 | D:8      | Reached skill level 1 in Shields
  8685 | D:9      | Reached XP level 11. HP: 81/81 MP: 0/0
  8685 | D:9      | Learned a level 4 spell: Manifold Assault
  8726 | D:9      | Reached skill level 5 in Shields
  9305 | D:10     | Entered Level 10 of the Dungeon
  9473 | D:10     | Noticed a two-headed ogre
  9481 | D:10     | Killed a two-headed ogre
  9581 | D:10     | Noticed a harpy
  9606 | D:10     | Killed a harpy
 10082 | D:10     | Noticed a two-headed ogre
 10089 | D:10     | Noticed a two-headed ogre
 10236 | D:10     | Killed a two-headed ogre
 10243 | D:10     | Killed a two-headed ogre
 10244 | D:10     | Reached XP level 12. HP: 77/90 MP: 0/0
 10291 | D:10     | Found a shimmering altar of Xom.
 10482 | D:10     | Noticed a two-headed ogre
 10490 | D:10     | Killed a two-headed ogre
 10911 | D:10     | Found a broken altar of Ashenzari.
 11087 | D:11     | Noticed a boulder beetle
 11098 | D:11     | Killed a boulder beetle
 11179 | D:11     | Noticed a two-headed ogre
 11186 | D:11     | Killed a two-headed ogre
 11187 | D:11     | Reached skill level 10 in Fighting
 11303 | D:11     | Identified a scroll of acquirement
 11304 | D:11     | Acquired the +1 buckler of Limited Liability {+Inv Dex+2}
 11366 | D:11     | Noticed a two-headed ogre
 11375 | D:11     | Killed a two-headed ogre
 11859 | D:11     | Noticed a centaur warrior
 11872 | D:11     | Killed a centaur warrior
 11873 | D:11     | Reached skill level 10 in Shields
 12562 | D:12     | Noticed Nessos
 12566 | D:12     | Nessos changed into Nessos the komodo dragon
 12566 | D:12     | Noticed Nessos
 12574 | D:12     | Killed Nessos the komodo dragon
 12872 | D:12     | Reached skill level 10 in Long Blades
 12872 | D:12     | Reached XP level 13. HP: 72/97 MP: 0/0
 12872 | D:12     | Learned a level 5 spell: Borgnjor's Vile Clutch
 13040 | D:12     | Noticed an ogre mage
 13064 | D:12     | Killed an ogre mage
 13762 | D:12     | Noticed a seven-headed hydra
 13773 | D:12     | Killed a seven-headed hydra
 14006 | D:12     | Noticed Maurice
 14010 | D:12     | Maurice stole a +2 kite shield
 14013 | D:12     | Something stole a lightning rod (4/4)
 14014 | D:12     | Something stole 38 poisoned darts
 14017 | D:12     | Something stole a staff of death
 14018 | D:12     | Something stole 608 gold
 14020 | D:12     | Something stole 804 gold
 14115 | D:12     | HP: 2/99 [constriction (5)]
 14120 | D:12     | Killed Maurice
 14425 | D:12     | Found Meacuozxipt's Antique Weapon Shoppe.
 14674 | D:12     | Found a staircase to the Orcish Mines.
 16535 | D:13     | Found a glowing silver altar of Zin.
 16555 | D:13     | You are sucked into a shaft and drop 2 floors!
 16555 | D:15     | Entered Level 15 of the Dungeon
 16624 | D:15     | Noticed Jorgrun
 16633 | D:15     | Found a staircase to the Depths.
 16633 | D:15     | Noticed a fire giant
 16684 | D:15     | Reached skill level 10 in Fire Magic
 17087 | D:14     | Noticed a centaur warrior
 17139 | D:15     | Acquired the ring "Jokkukh" {AC+4 Dex+3 Stlth+}
 17224 | D:14     | Killed a centaur warrior
 17225 | D:14     | Reached XP level 14. HP: 104/106 MP: 0/0
 18117 | D:14     | Identified the +8 war axe of the Inviting Penguin {spect,
                  | Dex+3}
 18132 | D:14     | Found a runed translucent gate.
 18133 | D:14     | Found a runed translucent gate.
 18135 | D:14     | Found a runed translucent gate.
 18140 | D:14     | Noticed a quicksilver ooze
 18141 | D:14     | Noticed a rockslime
 18141 | D:14     | Noticed Xesmix's ghost (journeyman FeEn)
 18141 | D:14     | Noticed an acid blob
 18172 | D:14     | HP: 3/107 [tengu warrior/bolt (14)]
 18181 | D:14     | HP: 5/107 [centaur[a centaur warrior] (2)]
 18185 | D:14     | Shot with an arrow by a centaur warrior

Illustrated notes

Levels and vault maps discovered:
D:1:      eino_arrival_water_star, layout_basic, serial_shops,
          nicolae_shop_behind_doors
D:2:      layout_basic, fountainhead, uniq_robin
D:3:      layout_rooms, mainiacjoe_overflow_boulevard,
          ebering_ghost_reflecting_pool,
          dreamdust_ecumenical_altar_hidden_monk_grotto, uniq_terence,
          uniq_grinder
D:4:      layout_gridville, worldfamousw_hep_ancestral_shrine
D:5:      layout_gridville, mainiacjoe_overflow_cross_hatched,
          lightli_temple_of_fire
D:6:      layout_basic, portal_sewer_entry_e, minivault_23
D:7:      layout_basic, nicolae_uskayaw_dance_studio, amcnicky_altar_gilded,
          minmay_temple_entry_offerings, serial_shops, shop, st_stairs_3,
          chequers_serial_rivers_micro_d, reono_crystal_passage,
          minmay_manual_mail, uniq_duvessa
D:8:      layout_gridville, mainiacjoe_overflow_tiny_flanked, lair_entry_dummy,
          nicolae_diode_stairs
D:9:      layout_basic, serial_bayou_crossing
D:10:     nzn_winding_woodlands_cross [nzn_winding_woodlands_5x15_split_checker,
          nzn_winding_woodlands_5x15_twine, nzn_winding_woodlands_5x15_zeroes,
          nzn_winding_woodlands_5x15_pockets,
          nzn_winding_woodlands_15x15_boxy_spiral], layout_basic,
          lemuel_tele_altar, lemuel_coloured_pillars_altar,
          minmay_mirror_moons_of_madness
D:11:     layout_roguey
D:12:     minmay_dotted_concentric_squares, layout_stronghold,
          zombieorc2_lemuel, serial_undead, serial_undead_b, serial_undead_a,
          serial_undead_c, serial_undead_a, serial_undead_a, serial_shops, shop,
          uniq_maurice, uniq_nessos
D:13:     layout_loops_ring, zin_academy
D:14:     layout_cave_pools, david_vaults_1, gammafunk_ghost_ooze,
          grunt_ministairs_8
D:15:     grunt_enter_depths_giant_problem, layout_irregular_city,
          minmay_fractal_squares_gapless_5, uniq_jorgrun
Temple:   hellmonk_temple_divided_pantheon

Skill      XL: |  1  2  3  4  5  6  7  8  9 10 11 12 13 14 |
---------------+-------------------------------------------+-----
Long Blades    | 3 4 5 6 7 9 10 11 | 11.3
Spellcasting   | 1 2 3 4 5 6 7 8 |  8.9
Conjurations   | 1 2 3 4 5 6 7 8 |  8.9
Hexes          | 1 2 3 4 5 6 7 8 |  8.9
Summonings     | 1 2 3 4 5 6 7 8 |  8.9
Necromancy     | 1 2 3 4 5 6 7 8 |  8.9
Translocations | 1 2 3 4 5 6 7 8 |  8.9
Transmutations | 1 2 3 4 5 6 7 8 |  8.9
Fire Magic     | 1 2 3 4 5 6 8 10 | 10.5
Ice Magic      | 1 2 3 4 5 6 7 8 |  8.9
Air Magic      | 1 2 3 4 5 6 7 8 |  8.9
Earth Magic    | 1 2 3 4 5 6 7 8 |  8.9
Poison Magic   | 1 2 3 4 5 6 7 8 |  8.9
Dodging        | 4 5 6 7 8 |  8.5
Fighting       | 3 4 5 6 8 9 10 11 12 | 12.1
Shields        | 4 8 10 12 | 12.9
Throwing       | |  1.5

Action                     |  1- 3 |  4- 6 |  7- 9 | 10-12 | 13-15 || total
---------------------------+-------+-------+-------+-------+-------++-------
  Melee: Long sword        |   104 |   108 |       |   284 |    97 ||   593
         Punch             |       |     2 |     5 |     6 |       ||    13
         Rapier            |       |     7 |   304 |   370 |   614 ||  1295
  Throw: Dart              |       |       |       |    17 |     1 ||    18
   Cast: Ensorcelled Hiber |       |       |       |     6 |       ||     6
         Summon Guardian G |       |       |       |     2 |     1 ||     3
         Manifold Assault  |       |       |       |     1 |     4 ||     5
         Hailstorm         |       |       |       |       |     2 ||     2
         Borgnjor's Vile C |       |       |       |       |     1 ||     1
 Invoke: Potion Petition   |       |       |       |     1 |       ||     1
  Evoke: Wand              |       |     4 |       |     3 |     7 ||    14
         Lightning rod     |       |       |       |     3 |       ||     3
    Use: Scroll            |       |       |     7 |     8 |     8 ||    23
         Potion            |       |       |     1 |       |     3 ||     4
   Stab: Distracted        |       |       |       |     4 |     7 ||    11
         Sleeping          |       |       |       |     2 |       ||     2
 Armour: Leather armour    |    64 |    84 |   199 |   360 |   429 ||  1136
  Dodge: Dodged            |    78 |    92 |   236 |   519 |   464 ||  1389
  Block: Buckler           |       |       |       |    87 |   347 ||   434

Table legend: (Time is in decaauts)
 A = Elapsed time spent in this place.
 B = Non-inter-level travel time spent in this place.
 C = Inter-level travel time spent in this place.
 D = Time resting spent in this place.
 E = Time spent auto-exploring this place.
 F = Levels seen in this place.
 G = Mean time per level.
                   A        B        C        D        E       F      G
               +--------+--------+--------+--------+--------+-----+--------+
         Total |  18208 |  17895 |    313 |   5037 |   7946 |  17 | 1071.1 |
       Dungeon |  17661 |  17348 |    313 |   4976 |   7690 |  15 | 1177.4 |
        Temple |     63 |     63 |      0 |      0 |      0 |   1 |   63.0 |
         Sewer |    483 |    483 |      0 |     61 |    256 |   1 |  483.0 |
               +--------+--------+--------+--------+--------+-----+--------+

Top non-repeatable levels by time:
    D:12: 3419 daAuts
    D:10: 1747 daAuts
     D:7: 1655 daAuts
    D:11: 1387 daAuts
    D:13: 1243 daAuts
     D:2: 1103 daAuts
     D:6: 1059 daAuts
     D:3: 956 daAuts
     D:1: 933 daAuts
     D:4: 921 daAuts
     D:9: 915 daAuts
     D:8: 858 daAuts
    D:15: 633 daAuts
   Sewer: 483 daAuts
     D:5: 442 daAuts
